 Dungeon Crawl Stone Soup version 0.26.0-16-gc1dbca0489 (webtiles) character file.

Game seed: 119227372180180208

114 Majorwet the Firebug (level 4, -2/35 HPs)
             Began as a Draconian Fire Elementalist on Jan 18, 2021.
             Slain by a gnoll
             ... wielding a +0 spear
              (5 damage)
             ... on level 2 of the Dungeon.
             The game lasted 00:14:29 (1860 turns).

Majorwet the Firebug (Draconian Fire Elementalist)  Turns: 1860, Time: 00:14:30

Health: -2/35      AC:  7    Str: 10    XL:     4   Next: 66%
Magic:  6/7        EV: 12    Int: 17    God:
Gold:   66         SH:  0    Dex: 11    Spells: 7/8 levels left

rFire    + . .     SeeInvis .   b - +2 dagger (venom)
rCold    . . .     Faith    .   (no shield)
rNeg     . . .     Spirit   .   (armour unavailable)
rPois    .         Reflect  .   (helmet restricted)
rElec    .         Harm     .   (no cloak)
rCorr    .         Rampage  .   (no gloves)
Will     .....                  g - +1 pair of boots
Stlth    ++........             (no amulet)
HPRegen  0.11/turn              d - ring of protection from fire
MPRegen  0.10/turn              (no ring)

@: flying
A: unfitting armour, cold-blooded, AC +5
a: no special abilities


You were on level 2 of the Dungeon.
You visited 1 branch of the dungeon, and saw 2 of its levels.

You collected 66 gold pieces.

Inventory:

Hand Weapons
 a - a +0 club
 b - a +2 dagger of venom (weapon)
Armour
 f - a +0 crystal plate armour
 g - a +1 pair of boots (worn)
 j - a cursed +0 ring mail
 k - a +1 robe of willpower
Jewellery
 d - a ring of protection from fire (left hand)
Scrolls
 c - a scroll of enchant armour
 i - 2 scrolls of identify {unknown}
 l - a scroll of blinking {unknown}
Potions
 e - 2 potions of curing {unknown}
 h - a potion of degeneration {unknown}


   Skills:
 * Level 1.3 Fighting
 + Level 1.5 Short Blades
 - Level 1.8 Dodging
 + Level 2.4 Stealth
 + Level 2.5 Spellcasting
 + Level 1.1 Conjurations
 + Level 4.0 Fire Magic


You had 7 spell levels left.
You knew the following spells:

 Your Spells              Type           Power        Failure   Level
a - Foxfire               Conj/Fire      44%          6%          1

Your spell library contained the following spells:

 Spells                   Type           Power        Failure   Level
 Conjure Flame            Conj/Fire      11%          19%         3
 Inner Flame              Hex/Fire       9%           24%         3
 Sticky Flame             Conj/Fire      11%          52%         4
 Fireball                 Conj/Fire      5%           86%         5


Dungeon Overview and Level Annotations

Branches:
Dungeon (2/15)

Altars:
Kikubaaqudgha


Innate Abilities, Weirdness & Mutations

Your plain brown scales are hard. (AC +5)
You cannot fit into any form of body armour.
You are cold-blooded and may be slowed by cold attacks.


Message History

The gnoll hits you but does no damage. The frilled lizard barely misses you.
The gnoll hits you from afar with a +0 spear.
* * * LOW HITPOINT WARNING * * *
The gnoll hits you with a +0 whip.
* * * LOW HITPOINT WARNING * * *
It was a potion of flight.
You feel very buoyant.
You fly up into the air.
The gnoll hits you but does no damage. The frilled lizard barely misses you.
The gnoll hits you but does no damage. x2
You are too injured to fight recklessly!
You are too injured to fight recklessly!
You closely miss the gnoll. You tail-slap the gnoll.
The gnoll is lightly wounded.
The gnoll hits you but does no damage. The frilled lizard closely misses you.
You hit the gnoll.
The gnoll is poisoned.
The gnoll is moderately wounded.
The gnoll hits you with a +0 whip.
* * * LOW HITPOINT WARNING * * *
The gnoll hits you from afar with a +0 spear.
You die...

# #.#.#...## #
#.#.###.# #
#.#.....####.#
###.#
#.#####†.....#
....#
#..###..######
#####
#......##
##.#.#.#.##
#.....gg..#
##.#.#.#@##
.....gl..#
#.#.#.#.##
......>..
#.#.#.#.#
..........
.#.# #.#.# #.
#.#


You could see 3 gnolls and a frilled lizard.

Vanquished Creatures
  Jessica (D:2)
  A gnoll (D:2)
  2 adders (D:2)
  A worm (D:2)
  A dart slug (D:1)
  A leopard gecko (D:1)
  3 bats
  2 giant cockroaches
  12 goblins
  8 hobgoblins
  3 jackals (D:1)
  5 kobolds
  A quokka (D:2)
  3 frilled lizards
  6 rats
50 creatures vanquished.

Vanquished Creatures (others)
  48 foxfires
48 creatures vanquished.

Grand Total: 98 creatures vanquished

Notes
Turn   | Place    | Note
-------+----------+-------------------------------------------
     0 | D:1      | Majorwet the Draconian Fire Elementalist began the quest
                  | for the Orb.
     0 | D:1      | Reached XP level 1. HP: 14/14 MP: 3/3
   145 | D:1      | Reached XP level 2. HP: 20/20 MP: 3/5
   591 | D:1      | Reached XP level 3. HP: 25/26 MP: 4/6
  1390 | D:2      | Noticed Jessica
  1396 | D:2      | Killed Jessica
  1397 | D:2      | Reached skill level 1 in Fighting
  1397 | D:2      | Reached skill level 1 in Short Blades
  1408 | D:2      | Reached XP level 4. HP: 31/35 MP: 5/7
  1503 | D:2      | Reached skill level 4 in Fire Magic
  1608 | D:2      | Found an ancient bone altar of Kikubaaqudgha.
  1860 | D:2      | Slain by a gnoll

Illustrated notes

Levels and vault maps discovered:
D:1:      co_arrival_random_square_maze, layout_basic
D:2:      cheibrodos_helix_gallery, layout_loops_ring,
          nicolae_overflow_hidden_temple, nicolae_overflow_crystal_walls,
          gammafunk_temple_overflow_elements, st_stairs_9, uniq_jessica

Skill      XL: |  1  2  3  4 |
---------------+-------------+-----
Stealth        | 2 |  2.4
Fighting       | 1 |  1.3
Short Blades   | 1 |  1.5
Fire Magic     | 4 |  4.0
Dodging        | |  1.8
Spellcasting   | |  2.5
Conjurations   | |  1.1

Action                   |  1- 3 |  4- 6 || total
-------------------------+-------+-------++-------
Melee: Dagger            |    56 |    35 ||    91
       Club              |     1 |       ||     1
       Tailslap          |     7 |     5 ||    12
 Cast: Foxfire           |    22 |     8 ||    30
  Use: Scroll            |       |     1 ||     1
       Potion            |       |     1 ||     1
 Stab: Sleeping          |       |     2 ||     2
Armor: Skin              |    19 |    20 ||    39
Dodge: Dodged            |    55 |    27 ||    82
